 Dungeon Crawl Stone Soup version 0.28-a0-479-g5baa6b73be (webtiles) character file.

Game seed: 1660428945069467770

65 timneilson the Covered (level 4, -11/28 HPs)
             Began as a Gargoyle Fighter on Sept 18, 2021.
             Killed by divine providence
             ... invoked by an orc priest
              (14 damage)
             ... on level 3 of the Dungeon.
             The game lasted 00:02:20 (1874 turns).

timneilson the Covered (Gargoyle Fighter)           Turns: 1874, Time: 00:02:21

Health: -11/28     AC: 16    Str: 21    XL:     4   Next: 14%
Magic:  4/4        EV:  5    Int:  8    God:
Gold:   58         SH:  4    Dex:  9    Spells: 3/3 levels left

rFire   . . .      SeeInvis .   a - +0 long sword
rCold   . . .      Faith    .   c - +0 buckler
rNeg    + . .      Spirit   .   g - +0 chain mail
rPois   ∞          Reflect  .   (no helmet)
rElec   +          Harm     .   (no cloak)
rCorr   .          Rampage  .   f - +2 pair of gloves
Will    .....                   (no boots)
Stlth   ..........              (no amulet)
HPRegen 0.09/turn               (no ring)
MPRegen 0.09/turn               (no ring)

@: mighty, constricted
A: sickness immunity, AC +3, negative energy resistance 1, electricity
resistance, torment resistance 1, petrification resistance
a: no special abilities


You were on level 3 of the Dungeon.
You visited 1 branch of the dungeon, and saw 3 of its levels.

You collected 58 gold pieces.

Inventory:

Hand Weapons
 a - a +0 long sword (weapon)
Armour
 c - a +0 buckler (worn)
 f - a +2 pair of gloves (worn)
 g - a +0 chain mail (worn)
Scrolls
 i - a scroll of identify


   Skills:
 + Level 3.5 Fighting
 * Level 2.6 Long Blades
 * Level 4.0 Armour
 + Level 0.7 Dodging
 * Level 3.7 Shields


You had 3 spell levels left.
You didn't know any spells.
Your spell library was empty.

Dungeon Overview and Level Annotations

Branches:
Dungeon (3/15)

Altars:
Cheibriados
Elyvilon
Fedhas
Okawaru
Ru
Sif Muna


Innate Abilities, Weirdness & Mutations

You are immune to sickness and miasma.
Your stone body is resilient. (AC +3)
You are immune to poison.
You resist negative energy. (rN+)
You are resistant to electric shocks. (rElec)
You are resistant to unholy torment.
You are immune to petrification.


Message History

The adder barely misses you.
Unknown command.
You barely miss the ball python. The ball python barely misses you.
The ball python constricts you. The orc hits you but does no damage.
The endoplasm barely misses you.
The orc priest invokes the aid of Beogh against you.
Beogh smites you!
* * * LOW HITPOINT WARNING * * *
The adder bites you but does no damage.
The ball python bites you but does no damage.
The ball python constricts you. The orc hits you but does no damage.
The endoplasm freezes you.
You are frozen.
* * * LOW HITPOINT WARNING * * *
You closely miss the ball python.
You feel less invigorated.
You feel less confused. The adder barely misses you.
You block the orc priest's attack.
The ball python bites you but does no damage.
The ball python constricts you. The orc completely misses you.
The adder bites you.
The endoplasm hits you but does no damage.
The orc priest hits you but does no damage.
The ball python bites you but does no damage.
The ball python constricts you.
You closely miss the ball python. You block the adder's attack.
The orc barely misses you. The endoplasm freezes you.
You are frozen.
* * * LOW HITPOINT WARNING * * *
You block the ball python's attack. The ball python constricts you.
You block the orc priest's attack. The adder bites you but does no damage.
You closely miss the ball python. You block the orc's attack.
The ball python barely misses you. The ball python constricts you.
The endoplasm hits you but does no damage.
The adder bites you.
* * * LOW HITPOINT WARNING * * *
The orc priest calls down the wrath of Beogh upon you.
Beogh smites you!
Ouch! That really hurt!
You die...

#...## .._...
_.....#
.......##
..⌠.._..##
.........#
_....?..S#
.._...o@.#
......oJS#
...........
.............
........#......
.........#.....
......... .....
......... .....


You could see an orc priest, an adder, an orc, an endoplasm and a ball python.

Vanquished Creatures
  A gnoll (D:1)
  2 worms (D:2)
  A dart slug (D:2)
  An orc (D:2)
  4 bats
  2 endoplasms (D:2)
  4 giant cockroaches
  6 goblins
  4 hobgoblins
  2 kobolds (D:1)
  2 quokkas (D:1)
  7 ball pythons
  3 frilled lizards (D:1)
  5 rats (D:1)
44 creatures vanquished.

Notes
Turn   | Place    | Note
-------+----------+-------------------------------------------
     0 | D:1      | timneilson the Gargoyle Fighter began the quest for the
                  | Orb.
     0 | D:1      | Reached XP level 1. HP: 14/14 MP: 1/1
    89 | D:1      | Reached XP level 2. HP: 19/19 MP: 2/2
   569 | D:1      | Reached XP level 3. HP: 21/23 MP: 3/3
  1116 | D:2      | Found a sacrificial altar of Ru.
  1235 | D:2      | Found a faded altar of an unknown god.
  1609 | D:2      | Reached XP level 4. HP: 18/28 MP: 4/4
  1784 | D:2      | Reached skill level 4 in Armour
  1838 | D:3      | Found a snail-covered altar of Cheibriados.
  1838 | D:3      | Found an iron altar of Okawaru.
  1838 | D:3      | Found a shimmering blue altar of Sif Muna.
  1838 | D:3      | Found a white marble altar of Elyvilon.
  1838 | D:3      | Found a blossoming altar of Fedhas.
  1874 | D:3      | Killed from afar by an orc priest

Illustrated notes

Levels and vault maps discovered:
D:1:      roderic_chinese_lattice_arrival, layout_loops_ring, item_on_display_a
D:2:      layout_loops_cross, basic_altar, shapermc_ecumenical_altar_venn,
          chequers_serial_rivers_room_b
D:3:      layout_rooms, grunt_temple_overflow_open

Skill      XL: |  1  2  3  4 |
---------------+-------------+-----
Long Blades    | 2 |  2.6
Armour         | 4 |  4.0
Fighting       | |  3.5
Dodging        | |  0.7
Shields        | |  3.7

Action                   |  1- 3 |  4- 6 || total
-------------------------+-------+-------++-------
Melee: Long sword        |   140 |    26 ||   166
  Use: Scroll            |     1 |     2 ||     3
       Potion            |       |     2 ||     2
Armor: Scale mail        |    60 |       ||    60
       Chain mail        |    15 |    51 ||    66
Dodge: Dodged            |    58 |    31 ||    89
Block: Buckler           |    25 |    14 ||    39

Table legend: (Time is in decaauts)
 A = Elapsed time spent in this place.
 B = Non-inter-level travel time spent in this place.
 C = Inter-level travel time spent in this place.
 D = Time resting spent in this place.
 E = Time spent auto-exploring this place.
 F = Levels seen in this place.
 G = Mean time per level.
                   A        B        C        D        E       F      G
               +--------+--------+--------+--------+--------+-----+--------+
         Total |   1925 |   1879 |     46 |      0 |   1490 |   3 |  641.7 |
       Dungeon |   1925 |   1879 |     46 |      0 |   1490 |   3 |  641.7 |
               +--------+--------+--------+--------+--------+-----+--------+

Top non-repeatable levels by time:
     D:1: 993 daAuts
     D:2: 913 daAuts
     D:3: 19 daAuts
